 Dungeon Crawl Stone Soup version 0.19-a0-1107-gc676ff4 (console) character file.

352 brucemayne the Chopper (level 6, 0/69 HPs)
             Began as a Vampire Berserker on Aug 9, 2016.
             Was a Believer of Trog.
             Killed by nerve-wracking pain
             ... invoked by Menkaure
              (6 damage)
             ... on level 6 of the Dungeon.
             The game lasted 00:04:40 (1036 turns).

brucemayne the Chopper (Vampire Berserker)          Turns: 1036, Time: 00:04:41

Health: 0/69       AC: 10    Str: 23    XL:     6   Next: 34%
Magic:  6/6        EV:  7    Int:  9    God:    Trog [**....]
Gold:   114        SH:  0    Dex: 14    Spells: 0 memorised, 5 levels left

rFire  + . .     SeeInvis +     a - +1 hand axe
rCold  . . .     Gourm    .     l - +0 plate armour
rNeg   + . .     Faith    .     (no shield)
rPois  .         Spirit   .     (no helmet)
rElec  .         Dismiss  .     (no cloak)
rCorr  .         Reflect  .     (no gloves)
SustAt .         Harm     .     (no boots)
MR     .....                    (no amulet)
Stlth  ..........               j - ring of stealth
                                d - ring of protection from fire

@: berserking, very quick
A: fangs 3, see invisible, unbreathing
a: Bat Form, Berserk, Trog's Hand, Burn Spellbooks, Renounce Religion


You were on level 6 of the Dungeon.
You worshipped Trog.
Trog was pleased with you.
You were not thirsty.

You visited 2 branches of the dungeon, and saw 8 of its levels.

You collected 114 gold pieces.

Inventory:

Hand Weapons
 a - a +1 hand axe (weapon)
Armour
 b - a +0 animal skin
 h - a +0 chain mail
 l - a +0 plate armour (worn)
Jewellery
 d - a ring of protection from fire (left hand)
 j - a ring of stealth (right hand)
 m - an uncursed ring of stealth
Wands
 n - a wand of lightning (7/15)
Scrolls
 e - a scroll of identify {unknown}
Potions
 c - 4 potions of blood
 f - a potion of degeneration {unknown}
 g - a potion of cure mutation {unknown}
 i - 2 potions of curing {unknown}


   Skills:
 - Level 2.6 Fighting
 + Level 6.6 Axes
 - Level 1.5 Armour
 - Level 2.1 Dodging


You had 5 spell levels left.
You didn't know any spells.

Dungeon Overview and Level Annotations

Branches:
Dungeon (7/15)             Temple (1/1) D:4

Altars:
Kikubaaqudgha
Makhleb
Sif Muna
Xom

Annotations:
D:6 Menkaure


Innate Abilities, Weirdness & Mutations

You have razor-sharp teeth.
You have supernaturally acute eyesight. (SInv)
You can survive without breathing.


Message History

You open the door.
Menkaure, Prince of Dust comes into view.
Menkaure gestures wildly while chanting.
Menkaure seems to speed up.
You hear an angry hiss.
An adder comes into view.
The adder hisses angrily.
There is an open door here.
Yummy - fresh blood!
Menkaure hits you!!
* * * LOW HITPOINT WARNING * * *
A red film seems to cover your vision as you go berserk!
You feel yourself moving faster!
You feel mighty!
Menkaure calls on the powers of darkness!
The adder convulses!
Your body is wracked with pain!
* * * LOW HITPOINT WARNING * * *
You slash Menkaure!
Menkaure is heavily damaged.
Menkaure gestures at you while chanting.
Pain shoots through your body!
You die...

#########
#####.S......
#.....M......
#.###@#######
#.##.........
#.##.......##
#.##.......#
#.##.......#
#>.'.......#
#.##.........
#.##.......#.
#.##..>....#
.. #.#


You could see Menkaure and an adder.

Vanquished Creatures
  A sky beast (D:6)
  A centaur zombie (D:7)
  A hound (D:7)
  An orc priest (D:5)
  An iguana (D:3)
  3 orc wizards
  An adder (D:3)
  An ooze (D:1)
  A worm (D:3)
  3 dart slugs (D:1)
  A giant gecko (D:4)
  4 orcs
  5 bats
  A giant cockroach (D:1)
  5 goblins
  5 hobgoblins
  2 kobolds (D:3)
  A quokka (D:3)
  2 giant newts
  A rat (D:3)
41 creatures vanquished.

Notes
Turn   | Place    | Note
-------+----------+-------------------------------------------
     0 | D:1      | brucemayne the Vampire Berserker began the quest for the Orb.
     0 | D:1      | Reached XP level 1. HP: 17/17 MP: 1/1
    94 | D:1      | Reached skill level 3 in Axes
   172 | D:1      | Reached XP level 2. HP: 23/23 MP: 2/2
   201 | D:1      | You fall through a shaft!
   341 | D:3      | Reached XP level 3. HP: 24/28 MP: 3/3
   345 | D:3      | Reached ** piety under Trog
   381 | D:3      | Reached skill level 4 in Axes
   432 | D:3      | Found an ancient bone altar of Kikubaaqudgha.
   510 | D:3      | Reached XP level 4. HP: 29/34 MP: 4/4
   617 | D:3      | Reached skill level 5 in Axes
   678 | D:4      | Found a staircase to the Ecumenical Temple.
   688 | Temple   | Entered the Ecumenical Temple
   800 | D:5      | Entered Level 5 of the Dungeon
   809 | D:4      | Reached XP level 5. HP: 33/39 MP: 5/5
   924 | D:6      | Noticed a sky beast
   933 | D:6      | Killed a sky beast
   933 | D:6      | Reached skill level 6 in Axes
   933 | D:6      | Reached XP level 6. HP: 38/46 MP: 6/6
  1032 | D:6      | Noticed Menkaure
  1036 | D:6      | Killed from afar by Menkaure

Vault maps used:
D:1:      mrwooster_arrival_statue_2, nicolae_ashenzari_panopticon
D:2:      eat_drink_and_be_merry_uskayaw, kennysheep_nondescript,
          minmay_misc_feat_roman, makhleb_altar_promises_db
D:3:      minmay_goblin_kobold_castle, kiku_gazebo_garden_becter, uniq_sigmund
D:4:      gammafunk_temple_overflow_statue
D:5:      lemuel_ice_spiral_2, okawaru_gym_becter,
          lemuel_coloured_pillars_altar, serial_shops, nicolae_shop_trees,
          first_bread, gammafunk_pakellas_its_alive
D:6:      kennysheep_mini_moat, old_standard_altar, lemuel_crystal_altar,
          lightli_church_of_beogh, uniq_edmund, uniq_menkaure
D:7:      basic_altar
Temple:   nicolae_temple_god_jail

Skill      XL: |  1  2  3  4  5 |
---------------+----------------+-----
Axes           | 3 4 5 6 |  6.6
Fighting       | |  2.6
Armour         | |  1.5
Dodging        | |  2.1

Action                   |  1- 3 |  4- 6 || total
-------------------------+-------+-------++-------
Melee: Hand axe          |   104 |    93 ||   197
       Bite              |    13 |    14 ||    27
Invok: Trog's Hand       |     1 |     3 ||     4
       Berserk           |       |     3 ||     3
 Abil: End Transformatio |       |     1 ||     1
       Bat Form          |       |     1 ||     1
  Use: Potion            |     2 |     6 ||     8
       Scroll            |       |     2 ||     2
Armor: Animal skin       |    12 |       ||    12
       Chain mail        |    52 |    20 ||    72
       Plate armour      |       |    44 ||    44
Dodge: Dodged            |    64 |    32 ||    96
